 Dungeon Crawl Stone Soup version 0.20.0-10-g0535bb4 (webtiles) character file.

100 kuniqs the Skirmisher (level 4, -2/24 HPs)
             Began as a Vine Stalker Fighter on June 3, 2017.
             Slain by a goblin (4 damage)
             ... led by Robin
             ... on level 3 of the Dungeon.
             The game lasted 00:02:01 (1958 turns).

kuniqs the Skirmisher (Vine Stalker Fighter)        Turns: 1958, Time: 00:02:02

Health: -2/24      AC:  6    Str: 19    XL:     4   Next: 74%
Magic:  0/5        EV:  7    Int:  8    God:
Gold:   128        SH:  9    Dex: 14    Spells: 3/3 levels left

rFire    . . .     SeeInvis .   a - +0 rapier
rCold    . . .     Gourm    .   c - +0 shield
rNeg     . . .     Faith    .   b - +0 scale mail
rPois    .         Spirit   +   (no helmet)
rElec    .         Reflect  .   (no cloak)
rCorr    .         Harm     .   (no gloves)
MR       .....                  (no boots)
Stlth    ..........             (no amulet)
Regen    0.5/turn               (no ring)
MPRegen  0.1/turn               (no ring)

@: no status effects
A: fangs 2, regeneration 1, magic shield, antimagic bite, no potion heal 3, rot
immunity
a: no special abilities


You were on level 3 of the Dungeon.
You were not hungry.

You visited 1 branch of the dungeon, and saw 3 of its levels.

You collected 128 gold pieces.

Inventory:

Hand Weapons
 a - a +0 rapier (weapon)
Armour
 b - a +0 scale mail (worn)
 c - a +0 shield (worn)
Scrolls
 e - 4 scrolls of identify {unknown}
 i - a scroll of amnesia {unknown}
 k - 3 scrolls of remove curse {unknown}
 p - a scroll of enchant weapon {unknown}
Potions
 h - 3 potions of curing {unknown}
 j - 3 potions of brilliance {unknown}
 l - a potion of might
 m - a potion of heal wounds {unknown}
 o - a potion of resistance {unknown}
 q - a potion of magic {unknown}
Comestibles
 d - 2 bread rations
 f - 3 fruits
 g - 10 chunks of flesh
 n - 2 royal jellies


   Skills:
 + Level 3.3 Fighting
 + Level 2.3 Short Blades
 + Level 3.0 Armour
 + Level 1.1 Dodging
 + Level 3.2 Shields


You had 3 spell levels left.
You didn't know any spells.

Dungeon Overview and Level Annotations

Branches:
Dungeon (3/15)

Altars:

Annotations:
D:3 Robin


Innate Abilities, Weirdness & Mutations

You have extremely sharp teeth.
Your natural rate of healing is unusually fast.
When hurt, damage is shared between your health and your magic reserves.
Your bite disrupts and absorbs the magic of your enemies.
Potions cannot restore your health.
You are immune to rotting.


Message History

You closely miss the goblin.
The goblin is heavily wounded.
The goblin no longer looks unusually strong. x2
The hobgoblin no longer looks unusually strong.
You block the goblin's attack. The goblin hits you with a dagger.
* * * LOW HITPOINT WARNING * * *
The goblin hits you but does no damage. The goblin hits you with a club.
* * * LOW HITPOINT WARNING * * *
The goblin hits you but does no damage.
You hit the goblin.
You kill the goblin!
The hobgoblin no longer looks unusually strong.
Robin roars a battlecry!
The goblins go into a battle-frenzy!
The goblin hits you but does no damage. You block the goblin's attack.
The goblin completely misses you. Robin throws the goblin at you!
* * * LOW HITPOINT WARNING * * *
The goblin hits you.
You die...

### #<# #.# ###########.#
............## ##########
.............###........#####
.......g.###.##.............#
....#...g###.##g..##...######
........ggg.gg@...##..###
....#....###g##...#####_#
...........g.....###....#
....###########.######..###
.... ##.##.###)#.# .#
#.####.##..## #.#.#.#(...#
#..#..###### #.#.##....#


You could see Robin, 2 hobgoblins and 6 goblins.

Vanquished Creatures
  An adder (D:2)
  2 worms (D:2)
  4 dart slugs
  2 leopard geckos
  4 bats
  3 giant cockroaches
  13 goblins
  7 hobgoblins
  13 jackals
  A quokka (D:2)
  5 frilled lizards
  6 kobolds
  5 rats
66 creatures vanquished.

Notes
Turn   | Place    | Note
-------+----------+-------------------------------------------
     0 | D:1      | kuniqs the Vine Stalker Fighter began the quest for the Orb.
     0 | D:1      | Reached XP level 1. HP: 11/11 MP: 2/2
   271 | D:1      | Reached XP level 2. HP: 14/16 MP: 3/3
   482 | D:1      | Reached XP level 3. HP: 20/20 MP: 4/4
  1040 | D:2      | Reached skill level 1 in Dodging
  1375 | D:2      | Gained mutation: Your natural rate of healing is unusually fast. [Vine Stalker growth]
  1375 | D:2      | Reached XP level 4. HP: 20/24 MP: 5/5
  1887 | D:3      | Found a faded altar of an unknown god.
  1942 | D:3      | Noticed Robin
  1958 | D:3      | Slain by a goblin

Skill      XL: |  1  2  3  4 |
---------------+-------------+-----
Fighting       | 3 |  3.3
Short Blades   | 2 |  2.3
Dodging        | 1 |  1.1
Shields        | 3 |  3.2
Armour         | 3 |  3.0

Action                   |  1- 3 |  4- 6 || total
-------------------------+-------+-------++-------
Melee: Rapier            |   115 |    74 ||   189
       Bite              |    23 |    15 ||    38
  Eat: Chunk             |     2 |     2 ||     4
Armor: Scale mail        |    69 |    30 ||    99
Dodge: Dodged            |    53 |    23 ||    76
Block: Shield            |    66 |    58 ||   124
